Cogmind - Beta 10.2 @@@ ROGUE MODE // 2021.05.26 @ 23:56:20 Player: Sebsebeleb Result: Destroyed by G-34 Mercenary with Small Laser Performance ------------- Evolutions (1) 500 Regions Visited (2) 400 Robots Destroyed (34) 170 Value Destroyed (867) 867 Prototype IDs (1) 20 Alien Tech Used (0) 0 Bonus (49) 49 TOTAL SCORE: 2006 Bonus ------- High Alert Combat Kills 49 Cogmind --------- Core Integrity 0/400 Matter 300/300 Energy 160/160 System Corruption 0% Temperature Cool (12) Movement Walking (120) Location -9/Materials Parts ------- > --- POWER (1) -------- Light Nuclear Core > --- PROPULSION (3) --- Aluminum Leg Aluminum Leg Flight Unit > --- UTILITY (3) ------ Small Storage Unit Weight Redist. System > --- WEAPON (2) ------- Katana > --- INVENTORY (6) ---- Weight Redist. System Visual Processing Unit Sensor Array Signal Interpreter Improved Propulsion Shielding Hacking Suite Peak State ------------ > --- POWER ------------ Light Nuclear Core > --- PROPULSION ------- Flight Unit Flight Unit > --- UTILITY ---------- Small Storage Unit Weight Redist. System Weight Redist. System > --- WEAPON ----------- Advanced Beam Cannon Katana > --- INVENTORY -------- Visual Processing Unit Sensor Array Signal Interpreter Improved Propulsion Shielding Hacking Suite Hacking Suite [Rating: 17] Favorites ----------- Power Ion Engine Engine Ion Engine Power Core Light Nuclear Core Propulsion Wheel Leg Aluminum Leg Wheel Wheel Flight Unit Flight Unit Utility Small Storage Unit Device Weight Redist. System Storage Small Storage Unit Hackware Hacking Suite Protection Core Shielding Weapon Katana Energy Gun Spread Laser Energy Cannon Advanced Beam Cannon Ballistic Gun Autogun Special Weapon Mining Laser Slashing Weapon Katana Build | -11 -10 -9 ------- Run | Scr Mat Mat Slots Evolved 2 | . . 2 Power . | . . . Propulsion 1 | . . 1 Utility 1 | . . 1 Weapon . | . . . Parts Attached 39 | 9 5 25 Power 6 | 1 . 5 Engine 4 | 1 . 3 Core 2 | . . 2 Reactor . | . . . Propulsion 15 | 2 2 11 Treads . | . . . Leg 2 | . . 2 Wheel 9 | 2 2 5 Hover . | . . . Flight 4 | . . 4 Utility 8 | 2 1 5 Device 3 | . 1 2 Storage 2 | 2 . . Processor . | . . . Hackware 1 | . . 1 Protection 2 | . . 2 Artifact . | . . . Weapon 10 | 4 2 4 Energy Gun 4 | 3 1 . Energy Cannon 1 | . . 1 Ballistic Gun 1 | . 1 . Ballistic Cannon . | . . . Launcher . | . . . Special Weapon 3 | 1 . 2 Impact Weapon . | . . . Slashing Weapon 1 | . . 1 Piercing Weapon . | . . . Special Melee Weapon . | . . . Unidentified Prototypes 1 | . . 1 Parts Lost 6 | . 3 3 Power . | . . . Propulsion 3 | . 1 2 Utility . | . . . Weapon 3 | . 2 1 Highest Loss Streak 3 | . 3 2 Average Slot Usage (%) 89 | . 98 87 Engine 7 | . 14 5 Core 4 | . . 5 Leg 3 | . . 4 Wheel 15 | . 26 12 Flight 8 | . . 10 Device 13 | . 10 13 Storage 12 | . 17 11 Hackware 1 | . . 1 Protection 2 | . . 3 Energy Gun 6 | . 14 4 Ballistic Gun 1 | . 6 . Special Weapon 3 | . 7 2 Slashing Weapon 8 | . . 10 Naked Turns . | . . . Heaviest Build 20 | 16 16 20 Greatest Support 36 | 26 26 36 Greatest Overweight (x) 1 | . . 1 Average Overweight (x) . | . . . Largest Inventory Capacity 8 | 8 8 6 Average Capacity 6 | 6 6 6 Most Carried 8 | 8 8 6 Average Carried 5 | 5 6 5 Final Capacity 8 | 8 6 6 Final Carried 8 | 8 6 6 Class Distribution -------------------- 51% | Scavenger-Mutant 48% | Mutant Dominant Class ---------------- Mutant | -10/Materials Scavenger-Mutant | -9/Materials Resources | -11 -10 -9 ----------- Run | Scr Mat Mat Matter Collected 659 | 290 79 290 Remotely . | . . . Salvage Created 1309 | 85 156 1068 Parts 86 | 10 4 72 Haulers Intercepted 2 | . . 2 Recyclers Shooed 1 | . . 1 Parts Field Recycled . | . . . Retrieved Matter . | . . . Parts Self-Destructed . | . . . Prevented . | . . . Kills | -11 -10 -9 ------- Run | Scr Mat Mat Combat Hostiles Destroyed 21 | . 2 19 Melee 17 | . . 17 Guns 4 | . 2 2 Classes Destroyed 10 | 3 1 6 Worker 1 | 1 . . Tunneler 3 | 2 . 1 Hauler 2 | . . 2 Recycler 3 | 1 1 1 Mechanic 1 | . . 1 Watcher 3 | . . 3 Swarmer 2 | . . 2 Grunt 14 | . 2 12 Duelist 1 | . . 1 Sentry 4 | . . 4 Best Kill Streak 6 | 3 1 6 Combat Bots Only 3 | . 1 3 Max Kills in Single Turn 1 | 1 1 1 Gunslinging . | . . . Exploded . | . . . Melee 1 | . . 1 Uniques/NPCs Destroyed . | . . . Combat | -11 -10 -9 -------- Run | Scr Mat Mat Damage Taken 1401 | . 274 1127 Core 443 | . 40 403 Absorbed by Shields . | . . . Core Remaining (%) 92 | 100 84 . Volleys Fired 52 | 13 17 22 Largest 2 | 2 2 2 Hottest 150 | 140 150 88 Shots Fired 72 | 21 23 28 Gun 53 | 16 19 18 Cannon . | . . . Launcher . | . . . Special 19 | 5 4 10 Kinetic 21 | . 11 10 Thermal 42 | 12 12 18 Explosive . | . . . Electromagnetic 9 | 9 . . Robot Hit Streak 14 | 5 5 14 Robot Miss Streak 4 | 1 2 4 Penetration Max . | . . . Secondary Targets . | . . . Shots Hit Robots 96 | 12 15 69 Core Hits 49 | 5 7 37 Critical Hits 1 | . . 1 Critical Kills . | . . . Critical Parts Destroyed 1 | . . 1 Melee Attacks 68 | . . 68 Impact . | . . . Slashing 68 | . . 68 Piercing . | . . . Sneak Attacks 9 | . . 9 Combat Hostiles . | . . . Follow-up Attacks . | . . . Damage Inflicted 2821 | 189 221 2411 Guns 463 | 104 197 162 Cannons . | . . . Explosions 37 | 37 . . Melee 2181 | . . 2181 Ramming . | . . . Kinetic 169 | . 104 65 Thermal 405 | 123 117 165 Explosive . | . . . Electromagnetic 66 | 66 . . Impact . | . . . Slashing 2181 | . . 2181 Piercing . | . . . Highest Corruption . | . . . Average Corruption . | . . . Corruption Purged . | . . . Overload Shots . | . . . Overflow Damage 119 | . . 119 Projectiles . | . . . Explosions . | . . . Melee 119 | . . 119 Knockbacks . | . . . Impact . | . . . Kinetic . | . . . Secondary . | . . . Self-Inflicted Damage . | . . . Shots . | . . . Rammed . | . . . Targets Rammed . | . . . Kicked . | . . . Crushed . | . . . Highest Temperature 258 | 150 258 160 Average Temperature 92 | 49 147 66 Received Heat Transfer 600 | . 156 444 Effects 2 | . 2 . Interference 2 | . 2 . Siege Activations . | . . . Robots Corrupted . | . . . Combat Hostiles . | . . . Parts Fried . | . . . Impact Corruptions . | . . . Robots Melted . | . . . Combat Hostiles . | . . . Parts Melted . | . . . Heat Transferred 917 | 261 314 342 Parts Sabotaged . | . . . Parts Stolen . | . . . Parts Stripped . | . . . Power Chain Reactions 1 | 1 . . Missiles Intercepted . | . . . Alert | -11 -10 -9 ------- Run | Scr Mat Mat Peak Influence 488 | 20 48 488 Initial 20 | . 13 20 Average 204 | 11 31 304 Maximum Alert Level 2 | . . 2 Low Security (%) 52 | 100 100 26 Level 1 29 | . . 45 Level 2 18 | . . 27 Level 3 . | . . . Level 4 . | . . . Level 5 . | . . . High Security . | . . . Max Security . | . . . Squads Dispatched 4 | . . 4 Investigation 3 | . . 3 Extermination . | . . . Reinforcement 1 | . . 1 Assault . | . . . Garrison . | . . . Intercept . | . . . Construction Impeded . | . . . Haulers Reinforced . | . . . Stealth | -11 -10 -9 --------- Run | Scr Mat Mat Distress Signals 3 | . 1 2 Communications Jammed . | . . . Distress Signals . | . . . Times Spotted 38 | . 3 35 Peak Tracking Total 6 | . 4 6 Tactical Retreats . | . . . Traps | -11 -10 -9 ------- Run | Scr Mat Mat Traps Triggered 1 | . . 1 Indirectly . | . . . Trap Hack Attempts . | . . . Triggered . | . . . Disarmed . | . . . Reprogrammed . | . . . Reused . | . . . Traps Extracted . | . . . Installed . | . . . Triggered . | . . . Machines | -11 -10 -9 ---------- Run | Scr Mat Mat Machines Disabled . | . . . Max in Single Turn . | . . . Machines Sabotaged . | . . . Garrisons Compromised . | . . . Overloaded Fab Kills . | . . . Fab Network Shutdowns . | . . . Hacking | -11 -10 -9 --------- Run | Scr Mat Mat Machines Accessed 8 | . 2 6 Terminals 6 | . 2 4 Fabricators . | . . . Repair Stations 1 | . . 1 Recycling Units . | . . . Scanalyzers 1 | . . 1 Garrison Access . | . . . Total Hacks 21 | . 5 16 Successful 15 | . 2 13 Failed 6 | . 3 3 Catastrophic 1 | . 1 . Database Lockouts . | . . . Manual . | . . . Terminals 15 | . 5 10 Fabricators . | . . . Repair Stations 3 | . . 3 Recycling Units . | . . . Scanalyzers 3 | . . 3 Garrison Access . | . . . Terminal Hacks 9 | . 2 7 Record 3 | . . 3 Robot Analysis 1 | . 1 . Repair Station Index 1 | . . 1 Transport Status 1 | . . 1 Hauler Manifests 1 | . . 1 Registered Components 1 | . . 1 Zone Layout 1 | . 1 . Fabricator Hacks . | . . . Repair Station Hacks 3 | . . 3 Scan Component 2 | . . 2 Repair 1 | . . 1 Recycling Unit Hacks . | . . . Scanalyzer 3 | . . 3 Insert Component 1 | . . 1 Analyze 2 | . . 2 Garrison Access Hacks . | . . . Unauthorized Hacks . | . . . Terminals . | . . . Fabricators . | . . . Repair Stations . | . . . Recycling Units . | . . . Scanalyzers . | . . . Garrison Access . | . . . Data Cores Recovered . | . . . Used . | . . . Hacking Detections 7 | . 2 5 Full Trace Events 3 | . 1 2 Feedback Events . | . . . Feedback Blocked . | . . . Robot Schematics Acquired . | . . . Robots Built . | . . . Matter . | . . . Time . | . . . Total Robot Build Rating . | . . . Part Schematics Acquired 1 | . . 1 Parts Built . | . . . Matter . | . . . Time . | . . . Total Part Build Rating . | . . . Parts Repaired 1 | . . 1 Time 26 | . . 26 Parts Recycled . | . . . Recycled Matter . | . . . Retrieved Matter . | . . . Retrieved Components . | . . . Parts Scanalyzed 1 | . . 1 Part Schematics Acquired 1 | . . 1 Parts Damaged . | . . . Bothacking | -11 -10 -9 ------------ Run | Scr Mat Mat Used RIF Installer . | . . . Robots Hacked . | . . . Non-combat . | . . . Combat . | . . . Robot Hacks Applied . | . . . Relay Couplers Released . | . . . Robots Rewired . | . . . Allies Hacked . | . . . Hacks Repelled . | . . . Allies | -11 -10 -9 -------- Run | Scr Mat Mat Total Allies . | . . . Largest Group . | . . . Highest-Rated Group . | . . . Highest-Rated Ally . | . . . Total Orders . | . . . Ally Attacks . | . . . Total Damage . | . . . Kills . | . . . Allies Corrupted . | . . . Allies Melted . | . . . Intel | -11 -10 -9 ------- Run | Scr Mat Mat Robot Analysis Total 1 | . 1 . Derelict Logs Recovered . | . . . Drone Launches . | . . . Drone Recoveries . | . . . Exploration | -11 -10 -9 ------------- Run | Scr Mat Mat Turns Passed 1115 | 218 172 725 Spaces Moved 826 | 142 116 568 Core 3 | 3 . . Treads . | . . . Legs 116 | . . 116 Wheels 443 | 139 116 188 Hover . | . . . Flight 264 | . . 264 Fastest Speed 37 | 50 80 37 Average Speed 76 | 89 86 71 Slowest Speed 120 | 90 100 120 Overloaded Moves . | . . . Propulsion Burnouts . | . . . Robots Hopped . | . . . Cave-ins Triggered . | . . . Exploration Rate (%) 26 | 8 20 51 Regions Visited 2 Branch Regions . Pre-discovered Areas . | . . . Known Exits Taken . | . . . Unknown Exits Taken 2 | 1 1 . Scrap Searched . | . . . Spaces Dug 1 | 1 . . Terrain Destroyed 6 | 4 2 . Melee . | . . . Projectile 3 | 1 2 . AOE 3 | 3 . . Terrain Rammed . | . . . Walls Destroyed . | . . . Machines Disabled . | . . . Actions | -11 -10 -9 --------- Run | Scr Mat Mat Total 1115 | 203 159 753 Wait 68 | 20 12 36 Move 824 | 141 115 568 Hop . | . . . Pick Up 30 | 15 5 10 Fast Attach 19 | 5 1 13 Attach 7 | 3 3 1 Detach . | . . . Swap 13 | 1 1 11 Drop 34 | 5 5 24 Fire 52 | 13 17 22 Melee 68 | . . 68 Ram . | . . . Kick . | . . . Crush . | . . . Escape Stasis . | . . . Rewire . | . . . Trap . | . . . Miscellaneous . | . . . Route ------- -11/Scrapyard -10/Materials -9/Materials (discovered 1 exit: [*Mat]) History --------- Turn | Location | Event 3 | -11/Scrapyard | Discovered new exit (range 16) 219 | -11/Scrapyard | Entered Materials 311 | -10/Materials | Build established: Mutant 365 | -10/Materials | Lost 3 parts (1n2w) 384 | -10/Materials | Discovered new exit (range 6) 391 | -10/Materials | Entered another Materials area 391 | -9/Materials | Evolved 2 slots: Propulsion x1, Utility x1 729 | -9/Materials | Discovered new exit (range 16) 881 | -9/Materials | Repaired Flight Unit 933 | -9/Materials | Core integrity fell below 50% 1053 | -9/Materials | Core integrity fell below 20% 1116 | -9/Materials | Destroyed by G-34 Mercenary with Small Laser Last Messages --------------- K-01 Serf collects debris. Acquired 10 matter. K-01 Serf collects debris. Dropped Lgt. Nuclear Core. K-01 Serf collects debris. Acquired 10 matter. K-01 Serf collects debris. Acquired Aluminum Leg. K-01 Serf collects debris. Sneak attack on T-07 Excavator. T-07 Excavator destroyed. Y-45 Defender destroyed. Acquired 10 matter. Triggered Alarm Trap. An alarm sounds. ALERT: Alarm triggered, dispatching investigation squad. U-05 Engineer lays Concrete. Sneak attack on A-02 Transporter. Electrolysis Chamber disabled. Connecting with Terminal... Map ----- +----------------------------------------------------+ | | | ??????????????????????????????????????????? | | ??????????????????????????????????????????? | | ??????????????????????????????????????????? | | ?????????????????????????????????????????#? | | ???????????????????????#####???######????# | | ????????????########+## ##### #????# | | ????????????# #????# | | ????????????# #????# | | ????????????###+####+## ##??# #????# | | ??????????????????# ########### ####### | | ??????????????????# # # # #[ | | ??????????????????# # + + "" # | | ??????????????????# + # # """ # | | ??????????????????# # # # """ ## | | ??????????????????# ########### ## #? | | ??????????????????# #?????##### ## "T" #? | | ??????????????????##/######## ## #? | | ??????????????????# T ########? | | ??????????????????# "" #???????? | | ??????????????????# #???????? | | ??????????????????# ####### #???????? | | ??????????????????# #?????#######???????? | | ??????????????????# #???????????????????? | | ?????????????????## g##??????????????????? | | ?????????????????#@ ] g########???????????? | | ?????????????????# g ######??????? | | ?????????????????# T a +??????# | | ?????????????????# ######??????# | | ?????????????????# #### #???????????# | | ?????????????????## ##??# #???????????# | | ??????????????????# #???# #???????????# | | ??????????????????# #???# #????######## | | ??????????????????# #???# #????# !! # | | ??????????????????# #???# #????# !! # | | ??????????????????# #??## ##???# / | | ??????????????????# #??# #???#!= # | | ??????????????????# #??# #####=[ # | | ??????????????????# #??# !**!%+=% # | | ??????????????????# #??# ############ | | ??????????????????? ???# #??????????# | | ?????????????????????????#######??????????# | | ??????????????????????????????????????????# | | ??????????????????????????????????????????# | | ??????????????????????????????????????????# | | ??????????????????????????????????????????# | | ??????????????????????????????????????????# | | ??????????????????????????????????????????# | | ??????????????????????????????????????????# | | ??????????????????????????????????????????# | +----------------------------------------------------+ Best States ------------- Heat Dissipation 28 Energy Generation 14 Energy Capacity 265 Matter Stores 300 Matter Capacity 300 Sight Range 16 Terrain Scan Density 10 Additional Mass Support 12 Armor Coverage 150 Core Shielding 20 Evasion (%) 62 Offensive Hacking 10 Item Schematics ----------------- Weight Redist. System | -9/Materials | Scanalyzed Robot Schematics ------------------ None Fabricated ------------ Nothing Alien Tech Used ----------------- None Achievements -------------- None Challenges ------------ None Game ------ Seed CompactStorageDerivative Manual? 0 Play Time 00:53:37 Cumulative 10.0 hours Start 2021.05.26 @ 19:32:04 End 2021.05.26 @ 23:56:20 Sessions 7 Manual Loads 0 Difficulty Rogue Special Mode None Game No. 5 Rogue 5 Adventurer 0 Explorer 0 Win Type - Total 0 Types 0/0/0/0/0/0/0/0/0 Lore% 9 Gallery% 16 Achievement% 14 Wizard Run 0 Options --------- ASCII 0 Keyboard 0 Movement Numpad Keybinds 0 Fullscreen 2 Font 20/X11 Map View 76x50 Tactical HUD 0 Map Filters NONE Filters NONE Steam 1 RUN: 7e685400-b00c-4243-a16f-da11fbfb60ff